 Dungeon Crawl Stone Soup version 0.26.0-20-g3ca415f5b8 (webtiles) character file.

Game seed: 17308511349279291872

197 thiole the Sneak (level 5, 0/31 HPs)
             Began as an Octopode Hedge Wizard on Jan 24, 2021.
             Slain by a gnoll
             ... wielding a +0 whip
              (9 damage)
             ... on level 4 of the Dungeon.
             The game lasted 00:04:32 (4292 turns).

thiole the Sneak (Octopode Hedge Wizard)            Turns: 4292, Time: 00:04:33

Health: 0/31       AC:  8    Str:  9    XL:     5   Next: 75%
Magic:  1/10       EV: 13    Int: 18    God:
Gold:   165        SH:  0    Dex: 11    Spells: 3/11 levels left

rFire    . . .     SeeInvis .   o - +1 dagger (protect)
rCold    . . .     Faith    .   (no shield)
rNeg     . . .     Spirit   .   b - +0 hat
rPois    .         Reflect  .   (no amulet)
rElec    .         Harm     .   (no ring)
rCorr    .         Rampage  .   (no ring)
Will     .....                  (no ring)
Stlth    +++.......             (no ring)
HPRegen  0.10/turn              (no ring)
MPRegen  0.12/turn              (no ring)
                                (no ring)
                                (no ring)

@: protection aura
A: almost no armour, stealthy swim, amphibious, 8 rings, constrict 8, camouflage
1, gelatinous body 1
a: no special abilities


You were on level 4 of the Dungeon.
You visited 1 branch of the dungeon, and saw 4 of its levels.

You collected 165 gold pieces.

Inventory:

Hand Weapons
 a - a +0 dagger
 o - a +1 dagger of protection (weapon)
Armour
 b - a +0 hat (worn)
Wands
 n - a wand of disintegration (11)
Scrolls
 d - a scroll of magic mapping {unknown}
 h - 2 scrolls of teleportation {unknown}
 i - a scroll of remove curse {unknown}
 l - 2 scrolls of identify {unknown}
 m - a scroll of random uselessness {unknown}
 p - a scroll of enchant weapon {unknown}
 q - 2 scrolls of noise {unknown}
 r - a scroll of blinking {unknown}
 s - a scroll of amnesia {unknown}
Potions
 c - 4 potions of haste {unknown}
 e - 4 potions of brilliance {unknown}
 f - 2 potions of heal wounds {unknown}
 g - a potion of lignification {unknown}
 j - a potion of might {unknown}
 k - a potion of curing {unknown}
 t - a potion of degeneration {unknown}


   Skills:
 - Level 2.0 Dodging
 + Level 4.2 Stealth
 + Level 3.5 Spellcasting
 * Level 3.1 Conjurations
 - Level 2.0 Summonings
 - Level 1.0 Translocations
 * Level 2.1 Air Magic


You had 3 spell levels left.
You knew the following spells:

 Your Spells              Type           Power        Failure   Level
a - Magic Dart            Conj           56%          4%          1
b - Call Imp              Summ           10%          11%         2
c - Blink                 Tloc           N/A          16%         2
d - Mephitic Cloud        Conj/Pois/Air  9%           22%         3

Your spell library contained the following spells:

 Spells                   Type           Power        Failure   Level
 Slow                     Hex            3%           24%         2
 Conjure Flame            Conj/Fire      8%           24%         3


Dungeon Overview and Level Annotations

Branches:
Dungeon (4/15)
 Temple: D:4-7

Altars:
Dithmenos
Nemelex Xobeh
Okawaru
Uskayaw


Innate Abilities, Weirdness & Mutations

You cannot wear most types of armour.
You are very stealthy in the water. (Stealth+)
You are amphibious.
You can wear up to eight rings at the same time.
You can use your tentacles to constrict eight enemies at once.
Your skin changes colour to match your surroundings (Stealth+).
Your rubbery body absorbs attacks. (AC +1, EV +1)


Message History

Your crimson imp barely misses the gnoll.
You hit the gnoll. Your grab misses the gnoll.
The gnoll is moderately wounded.
The gnoll barely misses you. The gnoll closely misses you.
Your crimson imp blinks!
You hit the gnoll shaman but do no damage.
You grab the gnoll shaman.
The gnoll shaman is severely wounded.
You constrict the gnoll shaman.
The gnoll shaman calls upon its god to heal the gnoll.
The gnoll's wounds heal themselves!
The gnoll hits you but does no damage.
Your crimson imp blinks!
You hit the gnoll shaman but do no damage.
The gnoll shaman is almost dead.
You constrict the gnoll shaman, but do no damage.
The gnoll hits you with a +0 whip.
* * * LOW HITPOINT WARNING * * *
The gnoll shaman hits you but does no damage.
The gnoll hits you with a +0 whip!
You die...

#..........#
#._..⌠.....
.........# ..
.......# ....
.._...
....###+#####...#
#+##.....5.....gg.#
...#...........)@#
...+.............#
...#.......).....#
...#........5....#
...#.............#
...###'####......#
..........#......#
..........#......#
..........+......#


You could see a gnoll shaman, a gnoll (fast) and 2 friendly crimson imps.

Vanquished Creatures
  A hound (D:4)
  An orc wizard (D:3)
  A worker ant (D:4)
  2 adders
  2 gnolls (D:4)
  A worm (D:2)
  2 dart slugs
  2 leopard geckos (D:1)
  3 orcs (D:3)
  3 giant cockroaches
  12 hobgoblins
  8 jackals
  7 kobolds
  A quokka (D:2)
  6 bats
  4 frilled lizards
  13 goblins
  2 rats (D:2)
71 creatures vanquished.

Notes
Turn   | Place    | Note
-------+----------+-------------------------------------------
     0 | D:1      | thiole the Octopode Hedge Wizard began the quest for the
                  | Orb.
     0 | D:1      | Reached XP level 1. HP: 11/11 MP: 4/4
   244 | D:1      | Reached XP level 2. HP: 17/17 MP: 4/6
   602 | D:1      | Reached skill level 3 in Stealth
  1123 | D:1      | Reached XP level 3. HP: 21/21 MP: 4/7
  1760 | D:2      | Learned a level 2 spell: Call Imp
  1763 | D:2      | Learned a level 2 spell: Blink
  1767 | D:2      | Learned a level 3 spell: Mephitic Cloud
  1950 | D:2      | Reached XP level 4. HP: 24/27 MP: 1/8
  2305 | D:2      | Found an iron altar of Okawaru.
  2716 | D:3      | Reached skill level 1 in Air Magic
  2893 | D:3      | Found a shadowy altar of Dithmenos.
  3126 | D:3      | Reached XP level 5. HP: 5/31 MP: 1/10
  3902 | D:4      | Reached skill level 4 in Stealth
  4195 | D:4      | Found a sparkling altar of Nemelex Xobeh.
  4267 | D:4      | Found a hide-covered altar of Uskayaw.
  4292 | D:4      | Slain by a gnoll

Illustrated notes

Levels and vault maps discovered:
D:1:      dpeg_arrival_stone_temple_mockup, layout_basic, st_stairs_6
D:2:      layout_basic, lemuel_doored_altar, kennysheep_potato
D:3:      layout_loops_corners, kennysheep_nub, nicolae_dithmenos_shadow_blocks,
          uniq_crazy_yiuf_cottage
D:4:      layout_gridville, grunt_temple_overflow_open, kennysheep_nondescript,
          minmay_snake_closets

Skill      XL: |  1  2  3  4  5 |
---------------+----------------+-----
Stealth        | 3 4 |  4.2
Summonings     | 2 |  2.0
Conjurations   | 2 3 |  3.1
Air Magic      | 1 2 |  2.1
Dodging        | |  2.0
Spellcasting   | |  3.5
Translocations | |  1.0

Action                   |  1- 3 |  4- 6 || total
-------------------------+-------+-------++-------
Melee: Dagger            |    53 |    34 ||    87
       Tentacles         |    11 |     4 ||    15
       Constrict         |    13 |     9 ||    22
 Cast: Magic Dart        |    83 |    73 ||   156
       Call Imp          |       |     8 ||     8
Armor: Skin              |     2 |     8 ||    10
Dodge: Dodged            |    38 |    35 ||    73
